Map: World of Sleepers LE

Players

Clem - Winner!

  • Race: Terran Terran
  • League: Master
  • Spawn Location: 7:00

KinG

  • Race: Zerg Zerg
  • League: Master
  • Spawn Location: 1:00

Event: NationWars 2019

VOD

Have the link to the VOD?

Description

Time

  • Played on: Oct. 10, 2019, 1:26 p.m.
  • Length: 10:30
Show
View Real Time Build Order
Export as new Build Order

Clem Terran - Winner!

Build Orders: Gas First Reaper Expand, Liberator Opening 

Get SALT Encoding   

  12  0:00  SCV  
  13  0:12  SCV  
  14  0:16  Supply Depot  
  14  0:24  SCV  
  15  0:29  Refinery  
  15  0:38  SCV  
  16  0:43  Barracks  
  16  0:50  SCV  
  17  1:02  SCV  
  18  1:14  SCV  
  19  1:29  Orbital Command  
  19  1:30  Reaper  
  20  1:41  Command Center  
  20  1:52  Factory  
  20  1:57  SCV  
  21  2:05  Barracks Reactor  
  21  2:09  SCV  
  21  2:13  Supply Depot  
  22  2:15  Refinery  
  22  2:21  SCV  
  23  2:35  SCV  
  24  2:42  Starport  
  24  2:46  Hellion x2  
  24  2:47  SCV  
  29  2:53  Barracks Tech Lab  
  29  2:56  Orbital Command  
  29  2:59  SCV  
  29  3:04  Liberator  
  30  3:07  Hellion  
  30  3:10  Hellion  
  34  3:14  SCV  
  35  3:22  SCV  
  35  3:26  SCV  
  39  3:34  SCV  
  39  3:40  Supply Depot, Marine x2  
  42  3:44  Siege Tank  
  45  3:49  SCV  
  45  3:50  Supply Depot  
  46  4:01  SCV, Marine x2  
  46  4:02  SCV, Supply Depot  
  48  4:09  Viking  
  44  4:10  Supply Depot  
  44  4:13  SCV  
  45  4:20  Marine x2  
  48  4:24  SCV  
  48  4:25  SCV  
  48  4:35  Command Center  
  48  4:39  SCV x2  
  50  4:48  Stimpack, Factory Reactor  
  50  4:49  Barracks  
  50  4:51  SCV  
  51  4:55  Barracks, Starport Reactor  
  51  4:57  Marine  
  51  4:58  SCV  
  53  5:03  SCV  
  53  5:04  Supply Depot  
  54  5:10  Engineering Bay  
  54  5:11  Engineering Bay, SCV  
  55  5:15  SCV, Marine  
  55  5:19  Supply Depot  
  57  5:23  SCV  
  57  5:26  Widow Mine x2  
  57  5:27  SCV  
  63  5:31  Refinery x2  
  63  5:35  SCV  
  64  5:39  SCV  
  64  5:40  Starport Reactor, Marine  
  66  5:43  Marine  
  66  5:44  Missile Turret x2, Marine  
  66  5:48  Orbital Command  
  68  5:54  Widow Mine x2, Marine  
  68  5:56  Marine  
  71  5:58  SCV  
  71  5:59  SCV  
  71  6:00  Marine  
  71  6:02  Terran Infantry Weapons Level 1  
  74  6:06  Terran Infantry Armor Level 1  
  74  6:10  Marine x2  
  76  6:14  SCV x2  
  76  6:15  SCV  
  76  6:16  Marine x2  
  81  6:20  Widow Mine x2  
  85  6:26  Supply Depot  
  85  6:31  Combat Shield  
  85  6:34  SCV  
  85  6:35  SCV  
  85  6:37  Barracks  
  85  6:38  Barracks  
  85  6:40  Orbital Command  
  85  6:41  Medivac x2  
  85  6:45  Marine x2  
  89  6:49  Supply Depot  
  89  6:51  Supply Depot  
  89  6:53  Marine x3  
  92  6:56  Widow Mine x2  
  92  6:58  SCV x2  
  98  7:01  Supply Depot  
  98  7:03  Marine  
  98  7:05  SCV  
  98  7:08  Marine  
  101  7:10  SCV  
  101  7:12  SCV  
  101  7:14  Supply Depot, Marine x2  
  103  7:18  SCV  
  103  7:19  Widow Mine x2  
  103  7:22  SCV  
  109  7:27  SCV  
  109  7:28  Missile Turret  
  110  7:30  Marine x2  
  110  7:31  Supply Depot  
  110  7:34  Medivac  
  99  7:38  Marine x2  
  99  7:40  Marine, Widow Mine  
  99  7:41  Marine  
  99  7:43  Widow Mine  
  92  7:47  Marine  
  83  7:54  SCV x2  
  83  7:55  Marine x2  
  72  8:01  SCV  
  72  8:02  Widow Mine  
  71  8:05  Marine  
  71  8:09  SCV  
  71  8:11  SCV  
  74  8:15  Barracks Reactor  
  74  8:16  Barracks Reactor  
  74  8:18  SCV  
  75  8:21  SCV  
  75  8:24  SCV  
  75  8:26  Armory  
  77  8:30  SCV  
  77  8:35  Marine x3  
  77  8:37  Marine x2  
  77  8:38  SCV  
  80  8:41  Widow Mine  
  70  8:51  SCV x2  
  70  8:52  SCV, Marine  
  70  8:53  Marine x3  
  70  8:55  Marine x3  
  74  8:57  Marine x2  
  74  9:00  Widow Mine  
  73  9:03  SCV x2  
  73  9:04  SCV  
  72  9:10  Marine  
  72  9:11  Marine  
  72  9:12  Marine x2  
  72  9:13  Marine x2  
  72  9:15  SCV x2  
  72  9:16  SCV  
  81  9:17  Medivac  
  81  9:20  Medivac  
  85  9:27  SCV x2  
  85  9:28  SCV  
  88  9:32  Marine  
  88  9:35  Marine x2  
  91  9:39  SCV  
  91  9:40  SCV  
  91  9:41  Marine x2  
  91  9:44  Widow Mine  
  97  9:48  SCV  
  97  9:52  SCV x2, Marine  
  101  9:57  Marine x2  
  98  10:00  SCV  
  98  10:03  Marine x2  
  98  10:04  SCV, Marine  
  98  10:05  SCV  
  97  10:10  Refinery  
  97  10:12  SCV  
  95  10:16  SCV  
  98  10:20  Refinery  
Show
View Real Time Build Order
Export as new Build Order

KinG Zerg 

Build Orders: Hatch First, Muta Ling Bane 

Get SALT Encoding   

  12  0:00  Drone  
  13  0:13  Overlord  
  13  0:18  Drone  
  14  0:32  Drone x2  
  16  0:48  Hatchery  
  15  0:51  Drone  
  15  0:55  Drone  
  17  0:59  Drone  
  18  1:09  Extractor  
  17  1:14  Spawning Pool  
  17  1:17  Drone  
  17  1:20  Drone  
  18  1:28  Drone  
  19  1:39  Drone  
  20  1:49  Overlord  
  20  2:01  Zergling x4, Queen x2  
  26  2:10  Drone  
  26  2:11  Drone  
  26  2:15  Metabolic Boost  
  28  2:22  Drone x2  
  30  2:32  Drone  
  30  2:33  Overlord  
  31  2:42  Overlord  
  31  2:43  Queen  
  33  2:46  Drone  
  33  2:50  Lair  
  34  2:53  Drone  
  34  2:57  Drone  
  36  3:05  Drone x2  
  39  3:12  Drone  
  39  3:13  Drone x5  
  44  3:28  Drone  
  44  3:29  Drone x2  
  44  3:32  Extractor  
  44  3:34  Extractor  
  45  3:35  Overlord  
  45  3:41  Zergling x8  
  49  3:43  Overlord  
  49  3:49  Drone x3  
  47  4:06  Drone  
  47  4:07  Drone x3  
  47  4:09  Extractor  
  49  4:12  Spire  
  49  4:16  Drone x3  
  51  4:22  Drone, Hatchery  
  51  4:23  Drone x4  
  55  4:30  Baneling Nest  
  53  4:48  Drone x4  
  57  4:53  Overlord x3  
  57  4:54  Zergling x4  
  59  5:06  Overseer, Overlord  
  59  5:23  Mutalisk x5  
  59  5:26  Mutalisk  
  71  5:35  Mutalisk  
  71  5:37  Zergling x2  
  71  5:38  Zergling x10  
  79  5:44  Zergling x4  
  79  5:46  Mutalisk  
  76  5:58  Mutalisk  
  76  6:01  Zergling x2  
  76  6:02  Zergling x8, Queen  
  85  6:05  Zergling x12  
  91  6:12  Zergling x2  
  91  6:13  Zergling x4  
  91  6:14  Centrifical Hooks  
  94  6:18  Zergling x4  
  94  6:22  Zergling x2  
  97  6:30  Zergling x4  
  97  6:31  Zergling x6  
  96  6:42  Zergling x10  
  99  6:53  Zergling x8  
  103  6:55  Baneling x17  
  103  7:01  Zergling x2  
  103  7:02  Zergling x4  
  106  7:16  Overlord x4  
  85  7:43  Zergling x20  
  75  7:53  Zergling x14  
  75  8:04  Zergling x10  
  74  8:09  Baneling  
  74  8:10  Baneling x19  
  70  8:13  Zergling x2  
  70  8:14  Zergling x4  
  70  8:17  Baneling x6  
  70  8:18  Baneling  
  70  8:19  Baneling  
  73  8:20  Baneling  
  73  8:22  Zergling x2  
  73  8:24  Zergling x2  
  73  8:25  Zergling x2  
  61  8:50  Drone x12  
  67  8:59  Drone  
  59  9:06  Drone x5  
  59  9:07  Drone x2  
  66  9:10  Drone x2  
  66  9:14  Evolution Chamber  
  66  9:18  Evolution Chamber  
  66  9:20  Zergling x6  
  66  9:23  Extractor  
  67  9:26  Zergling x2  
  68  9:32  Zergling x2  
  68  9:33  Zergling x2  
  70  9:38  Zergling x2  
  70  9:39  Zergling x2  
  70  9:41  Baneling x6  
  70  9:44  Overseer  
  72  9:48  Zergling x8  
  76  9:58  Zergling x2  
  76  9:59  Zergling x4  
  72  10:04  Zergling x2  
  72  10:05  Zergling x10  
  73  10:10  Zergling x4  
  73  10:13  Zergling x4  
Tags
 
Add a new tag
Caveats
  • Supply blocks, unpowered buildings, or Contaminate may cause inaccurate times.
  • Supply counts are checked every 10 seconds.